 Dungeon Crawl Stone Soup version 0.21.1-1-g345015fe64 (webtiles) character file.

60192 Kejsarherre the Severer (level 15, -13/106 HPs)
             Began as a Formicid Chaos Knight on May 12, 2018.
             Killed by divine providence
             ... invoked by an orc priest
             ... summoned by a worldbinder
              (14 damage)
             ... on level 3 of the Abyss.
             The game lasted 00:45:44 (16931 turns).

Kejsarherre the Severer (Formicid Chaos Knight)    Turns: 16931, Time: 00:45:45

Health: -13/106    AC: 27    Str: 21      XL:     15   Next: 37%
Magic:  12/12      EV: 12    Int: 16 (17) God:    Xom [.*....]
Gold:   414        SH: 28    Dex:  6 (7)  Spells: 3/14 levels left

rFire    + + .     SeeInvis +   z - +0 battleaxe of the Bouncing Realms {speed, +Fly Str+4}
rCold    x . .     Gourm    .   I - +5 large shield "Mattuug" {Int+3}
rNeg     . . .     Faith    .   M - +0 fire dragon scales
rPois    .         Spirit   .   (helmet unavailable)
rElec    +         Reflect  +   d - +2 cloak
rCorr    .         Harm     .   C - +2 pair of gloves
MR       +....                  q - +0 pair of boots
Stlth    ..........             L - +5 amulet of reflection
HPRegen  0.00/turn              i - +3 ring of evasion
MPRegen  0.13/turn              v - +6 ring of protection

@: mighty, cleaving, very slightly contaminated, studying Armour, invisible
A: permanent stasis, dig shafts and tunnels, four strong arms, antennae 3, beak,
iridescent scales 1, molten scales 1, blurry vision 1[+2], [clumsy 2], deformed
body, [deterioration 2], dopey 1[+1], [frail 2], [low mp 2], robust 1, screaming
1[+2], electricity resistance, [inhibited regeneration], [weak 2], wild magic 1,
evolution 1
a: Dig, Shaft Self, Renounce Religion, Evoke Flight


You were on level 3 of the Abyss.
You worshipped Xom.
You were a plaything of Xom.
You were very hungry.

You visited 3 branches of the dungeon, and saw 21 of its levels.
You visited the Abyss 1 time.

You collected 1384 gold pieces.
You spent 970 gold pieces at shops.

Inventory:

Hand Weapons
 a - a +0 hand axe of chaos
 z - the +0 battleaxe of the Bouncing Realms (weapon) {speed, +Fly Str+4}
   (Xom gifted it to you on level 7 of the Dungeon)

   Attacks with this weapon are significantly faster.
   It affects your strength (+4).
   It lets you fly.
Missiles
 w - 2 throwing nets (quivered)
Armour
 d - a +2 cloak (worn)
 q - a +0 pair of boots (worn)
 C - a +2 pair of gloves (worn)
 I - the +5 large shield "Mattuug" (worn) {Int+3}
   (You found it on level 11 of the Dungeon)

   It affects your intelligence (+3).
 M - +0 fire dragon scales (worn)
Jewellery
 i - a +3 ring of evasion (left hand)
 v - a +6 ring of protection (right hand)
 x - an uncursed ring of resist corrosion
 y - an uncursed ring of protection from cold
 L - a +5 amulet of reflection (around neck)
 N - an uncursed ring of positive energy
Wands
 t - a wand of digging (18)
 A - a wand of flame (33)
Scrolls
 g - a scroll of magic mapping
 h - 3 scrolls of fog
 j - 6 scrolls of amnesia
 m - 2 scrolls of remove curse
 o - 6 scrolls of identify
 r - 5 scrolls of enchant armour
 s - 2 scrolls of immolation
 B - a scroll of fear
 D - 4 scrolls of vulnerability
 E - 3 scrolls of enchant weapon
 K - a scroll of brand weapon
Potions
 e - 2 potions of might
 f - a potion of brilliance
 k - 3 potions of lignification
 l - 2 potions of curing
 p - 4 potions of cancellation
 u - a potion of magic
 F - 2 potions of flight
 J - 2 potions of invisibility
Books
 n - a manual of
Armour
 G - a book of Misfortune

   Spells                             Type                      Level
   a - Confusing Touch                Hexes                        1
   b - Confuse                        Hexes                        3
   c - Gell's Gravitas                Translocation                3
   d - Petrify                        Transmutation/Earth          4
   e - Metabolic Englaciation         Hexes/Ice                    5
   f - Yara's Violent Unravelling     Hexes/Transmutation          5
 H - a book of Flames

   Spells                             Type                      Level
   a - Flame Tongue                   Conjuration/Fire             1
   b - Throw Flame                    Conjuration/Fire             2
   c - Conjure Flame                  Conjuration/Fire             3
   d - Inner Flame                    Hexes/Fire                   3
   e - Sticky Flame                   Conjuration/Fire             4
   f - Fireball                       Conjuration/Fire             5
Comestibles
 c - 46 rations


   Skills:
 + Level 11.0 Fighting
 * Level 17.0 Axes
 + Level 12.8 Armour
 - Level 1.6 Dodging
 + Level 13.4 Shields


You had 3 spell levels left.
You knew the following spells:

 Your Spells              Type           Power        Failure   Level  Hunger
a - Regeneration          Chrm/Necr      #.........   97%         3    ####...
b - Song of Slaying       Chrm           #.......     86%         2    ###....
c - Statue Form           Tmut/Erth      #........    100%        6    #######


Dungeon Overview and Level Annotations

Branches:
Dungeon (15/15)            Temple (0/1) D:7            Lair (5/6) D:11
  Swamp (0/4) Lair:4       Spider (0/4) Lair:3          Orc (0/2) D:10
 Vaults (0/5) D:14         Depths (1/5) D:15
  Slime: Lair:5-6

Altars:
Elyvilon
Okawaru
Qazlal
Ru
Xom

Shops:
D:13 ((=*   D:14 *

Annotations:
Lair:5 Rupert


Innate Abilities, Weirdness & Mutations

You cannot be hasted, slowed, berserked, paralysed or teleported.
You can dig through walls and to a lower floor.
Your four strong arms can wield two-handed weapons with a shield.
You have a pair of large antennae on your head. (SInv)
You have a beak for a mouth.
You are partially covered in iridescent scales. (AC +2)
You are partially covered in molten scales. (AC +2)
Armour fits poorly on your strangely shaped body.
You are robust. (+10% HP)
You are resistant to electric shocks. (rElec)
Your spells are a little harder to cast, but a little more powerful.
You evolve.
[Scrolls take you much longer to read.]
[You are very clumsy. (Dex -4)]
[Your body often deteriorates upon taking damage.]
[You are very dopey. (Int -4)]
[You are very frail. (-20% HP)]
[Your magical capacity is very low. (-20% MP)]
[You frequently scream uncontrollably at your foes.]
[You do not regenerate when monsters are visible.]
[You are very weak. (Str -4)]


Message History

The orc priest looks braver for a moment.
The wretched star pulses with an eldritch light!
You feel weaker. x2
You block the worldbinder's attack. x2; Some rock shatters into small pieces.
A deafening chorus of shrieks assaults your mind!
* * * LOW HITPOINT WARNING * * *
A spatial vortex and a yellow draconian come into view.
The yellow draconian is wielding a scimitar of protection.
The smoke demon roars!
The yellow draconian roars!
You block the worldbinder's attack. x2; A starcursed mass splits.
The wretched star pulses with an eldritch light!
Your vision blurs. x2
The yellow draconian moves out of view.
A starcursed mass splits.
A thrashing horror comes into view.
You scream at the thrashing horror!
The smoke demon roars!
You hear a roar!
The orc priest mumbles some strange prayers to Beogh against you.
Beogh smites you!
You die...
Xom bursts into laughter!

.#..## .XX... .
.#....###.#.## .
..#...#.##.#.##.#.
v.....#.........
.v..#..).#....
#.#.. #..#....... §
. .#.
#.@#...[X...§.....#
#.#xoX...3.#.......
..#X#..##.##.#. ..
# ..###.{*X# ...
......# ## #.#XO2#.
......... ###..#.X.
.{ 3X...
##3.##xX..X# .
#{XX####. ## ..
#..WX§....## 3.{


You could see 3 starcursed masses, a cacodemon, a wretched star, 2 spatial
vortices, 2 thrashing horrors, a large abomination, a worldbinder, a smoke demon
(wandering), an ogre, a small abomination (wandering) and an orc priest.

Vanquished Creatures
  An emperor scorpion (D:15)
  A dire elephant (D:15)
  2 fire dragons
  The ghost of Kejsarherre the Cleaver, a journeyman FoGl of Okawaru (D:11)
  Harold (Lair:2)
  8 hydras
  2 centaur warriors (D:14)
  4 two-headed ogres
  2 death yaks (Lair:3)
  A tengu warrior (D:14)
  An ogre mage (D:14)
  Nergalle (Lair:2)
  4 unseen horrors
  A skeletal warrior (D:14)
  A wizard (D:14)
  Pikel (D:7)
  A deep elf archer (D:14)
  3 orc knights
  3 deep elf magi
  4 cyclopes
  2 centaur zombies (D:15)
  A manticore (D:14)
  3 ugly things
  3 black mambas
  A torpor snail (Lair:3)
  A smoke demon (Abyss:3)
  A gargoyle (D:11)
  A black mamba (shapeshifter) (D:14)
  A spiny frog (shapeshifter) (D:14)
  Joseph (D:8)
  6 spiny frogs
  A rime drake (shapeshifter) (Lair:4)
  6 komodo dragons
  A jumping spider (Lair:3)
  A tengu conjurer (D:15)
  A polar bear (Lair:2)
  A polar bear (shapeshifter) (D:15)
  A wind drake (shapeshifter) (Lair:1)
  6 trolls
  11 hippogriffs
  12 blink frogs
  2 dream sheep (D:10)
  A shadow (D:15)
  A wyvern (D:13)
  A wraith (D:10)
  A basilisk (D:4)
  19 yaks
  4 hungry ghosts
  The ghost of Kejsarherre the Chopper, an amateur FoGl (D:4)
  4 vampire mosquitoes (D:13)
  5 swamp worms (Lair:4)
  5 water moccasins
  A swamp drake (Lair:4)
  8 orc warriors
  5 porcupines
  4 ice beasts
  4 sky beasts
  A black bear (shapeshifter) (D:14)
  A phantom (D:13)
  2 black bears
  11 ogres
  4 boggarts (D:15)
  13 wolves
  10 centaurs
  7 crocodiles
  6 big kobolds
  2 gnoll sergeants
  15 bullfrogs
  A wyvern zombie (D:12)
  2 scorpions
  3 wyvern skeletons (D:14)
  8 killer bees
  11 wights
  3 howler monkeys
  4 electric eels
  6 crimson imps
  A starcursed mass (Abyss:3)
  3 bullfrog zombies
  A jelly (shapeshifter) (D:5)
  2 quasits
  13 hounds
  5 jellies
  8 orc priests
  9 centaur skeletons
  An iguana (D:10)
  16 orc wizards
  4 worker ants
  A hound zombie (D:9)
  3 worker ant zombies
  13 gnolls
  11 adders
  2 howler monkey skeletons (D:9)
  3 shadow imps
  3 adder zombies
  3 worms
  2 adder skeletons
  A dart slug (D:4)
  5 leopard geckos
  43 orcs
  6 bats
  7 giant cockroaches
  6 goblins
  4 hobgoblins
  16 jackals
  4 quokkas
  A ball python (D:2)
  4 frilled lizards
  10 kobolds
  5 rats
  3 fungi
  A plant (Lair:1)
501 creatures vanquished.

Vanquished Creatures (collateral kills)
  A hydra (Lair:4)
  A two-headed ogre (D:15)
  A deep elf mage (D:15)
  A wyvern (Lair:2)
  An orc warrior (D:14)
  A sky beast (D:14)
  2 bullfrogs
  A scorpion (D:14)
  A howler monkey (D:5)
  2 orc wizards
  An orc priest (D:4)
  An orc (D:7)
14 creatures vanquished.

Vanquished Creatures (others)
  A salamander (D:15)
  A bullfrog skeleton (D:6)
  An orc (D:14)
  3 fungi
  A plant (Lair:1)
7 creatures vanquished.

Grand Total: 522 creatures vanquished

Notes
Turn   | Place    | Note
-------+----------+-------------------------------------------
     0 | D:1      | Kejsarherre the Formicid Chaos Knight began the quest for the Orb.
     0 | D:1      | Reached XP level 1. HP: 18/18 MP: 1/1
   172 | D:1      | Reached XP level 2. HP: 24/24 MP: 2/2
   209 | D:1      | XOM: noise
   271 | D:1      | XOM: god gift: ration
   286 | D:1      | You fall through a shaft!
   341 | D:2      | Reached skill level 1 in Dodging
   341 | D:2      | Reached XP level 3. HP: 30/30 MP: 3/3
   410 | D:2      | Found a white marble altar of Elyvilon.
   687 | D:2      | Reached XP level 4. HP: 36/37 MP: 4/4
   791 | D:2      | XOM: harmless Air miscast
   813 | D:2      | XOM: give mutations
   813 | D:2      | Gained mutation: Your muscles are strong. (Str +2) [Xom's grace]
   813 | D:2      | Gained mutation: You are covered in fur. (AC +1) [Xom's grace]
   813 | D:2      | Gained mutation: You are somewhat resistant to further mutation. [Xom's grace]
   844 | D:2      | XOM: give mutation
   844 | D:2      | Gained mutation: You possess an exceptional clarity of mind. [Xom's grace]
  1360 | D:2      | XOM: divination: detect creatures
  1416 | D:3      | Reached skill level 4 in Axes
  1422 | D:3      | Reached XP level 5. HP: 38/43 MP: 5/5
  1514 | D:3      | XOM: cloud trail
  1625 | D:3      | XOM: scenery: create altars
  1808 | D:3      | Reached XP level 6. HP: 37/49 MP: 6/6
  1815 | D:3      | XOM: polymorph orc wizard -> hound
  1816 | D:3      | XOM: enchant monster (good)
  1823 | D:3      | Reached skill level 5 in Axes
  1994 | D:3      | XOM: god gift: 44 gold pieces
  2291 | D:4      | XOM: give mutations
  2291 | D:4      | Lost mutation: You are somewhat resistant to further mutation. [Xom's grace]
  2291 | D:4      | Gained mutation: You evolve. [Xom's grace]
  2291 | D:4      | Gained mutation: You rapidly evolve. [Xom's grace]
  2291 | D:4      | Gained mutation: You are robust. (+10% HP) [Xom's grace]
  2379 | D:4      | Noticed an ogre
  2379 | D:4      | XOM: cleaving
  2385 | D:4      | Noticed a basilisk
  2385 | D:4      | an ogre changed into a basilisk
  2395 | D:4      | XOM: divination: detect creatures
  2410 | D:4      | Killed a basilisk
  2410 | D:4      | Reached XP level 7. HP: 26/60 MP: 7/7
  2503 | D:4      | XOM: scenery: create altars
  2567 | D:4      | Noticed Kejsarherre's ghost (amateur FoGl)
  2570 | D:4      | XOM: potion effect (heal wounds)
  2586 | D:4      | XOM: polymorph adder -> orc
  2679 | D:4      | XOM: summons 3 friendly demons
  2684 | D:4      | Reached skill level 5 in Fighting
  2714 | D:4      | Reached skill level 6 in Axes
  2784 | D:4      | XOM: god gift: scroll labeled IWYETT RIMU {god gift}
  2828 | D:4      | Got a jewelled chain mail
  2839 | D:4      | Identified the +3 chain mail of Fakh {*Contam rCorr Str+2 SInv} (You found it on level 4 of the Dungeon)
  3010 | D:4      | XOM: harmless Tloc miscast
  3191 | D:4      | XOM: scenery: create altars
  3427 | D:4      | XOM: enchant monster (good)
  3432 | D:4      | Killed Kejsarherre's ghost
  3432 | D:4      | Reached XP level 8. HP: 50/70 MP: 8/8
  3432 | D:4      | XOM: summons friendly iron imp
  3471 | D:5      | Entered Level 5 of the Dungeon
  3476 | D:5      | XOM: cast spell 'Discord'
  3789 | D:5      | XOM: give mutation
  3865 | D:5      | XOM: smoke on damage
  3985 | D:5      | XOM: scenery: 1 doors close
  4022 | D:5      | XOM: enchant monster (good)
  4254 | D:6      | Gained mutation: You are agile. (Dex +2) [evolution]
  4302 | D:6      | XOM: summons friendly white imp
  4313 | D:6      | Reached skill level 1 in Shields
  4313 | D:6      | Reached XP level 9. HP: 70/83 MP: 9/9
  4403 | D:6      | Reached skill level 7 in Axes
  4502 | D:6      | XOM: god gift: ration
  4504 | D:6      | Got a scorched lapis lazuli ring
  4670 | D:6      | Identified the ring of Nen Denn {rN+ Int-5 Dex+6 SInv} (You took it off a gnoll on level 6 of the Dungeon)
  4992 | D:7      | Found a staircase to the Ecumenical Temple.
  4993 | D:7      | Noticed a hippogriff
  4995 | D:7      | XOM: swap monsters
  4999 | D:7      | XOM: god gift: bloodstained battleaxe {god gift}
  5001 | D:7      | XOM: cleaving
  5005 | D:7      | Got a bloodstained battleaxe {god gift}
  5006 | D:7      | Identified the +0 battleaxe of the Bouncing Realms {speed, +Fly Str+4} (Xom gifted it to you on level 7 of the Dungeon)
  5078 | D:7      | XOM: summons friendly ufetubus
  5082 | D:7      | Killed a hippogriff
  5082 | D:7      | Reached skill level 8 in Axes
  5283 | D:7      | Gained mutation: You are partially covered in iridescent scales. (AC +2) [evolution]
  5310 | D:7      | XOM: enchant monster (good)
  5317 | D:7      | Found a stormy altar of Qazlal.
  5320 | D:7      | XOM: cleaving
  5400 | D:7      | Noticed a hippogriff
  5402 | D:7      | Killed a hippogriff
  5402 | D:7      | Reached skill level 9 in Axes
  5402 | D:7      | Reached skill level 5 in Shields
  5488 | D:7      | Reached XP level 10. HP: 91/91 MP: 10/10
  5551 | D:7      | XOM: divination: magic mapping
  5567 | D:7      | Noticed Pikel
  5581 | D:7      | Killed Pikel
  5581 | D:7      | Reached skill level 10 in Axes
  5629 | D:7      | XOM: give mutations
  5629 | D:7      | Gained mutation: Your mind is acute. (Int +2) [Xom's grace]
  5629 | D:7      | Gained mutation: Your spells are a little harder to cast, but a little more powerful. [Xom's grace]
  5754 | D:8      | XOM: cloud trail
  5867 | D:8      | XOM: scenery: create altars
  6070 | D:8      | XOM: scenery: create altars
  6096 | D:8      | Noticed Joseph
  6105 | D:8      | Killed Joseph
  6149 | D:8      | XOM: divination: detect creatures
  6192 | D:8      | XOM: harmless Fire miscast
  6363 | D:8      | XOM: god gift: 8 silver javelins
  6416 | D:8      | XOM: divination: detect creatures
  6764 | D:9      | XOM: blink monster(s)
  6766 | D:9      | XOM: give mutation
  6766 | D:9      | Gained mutation: Your muscles are very strong. (Str +4) [Xom's grace]
  6845 | D:9      | Reached skill level 11 in Axes
  6882 | D:9      | XOM: confuse monster(s)
  7105 | D:9      | Noticed a komodo dragon
  7107 | D:9      | XOM: cast spell 'Summon Horrible Things'
  7112 | D:9      | Killed a komodo dragon
  7164 | D:9      | Reached XP level 11. HP: 97/97 MP: 11/11
  7314 | D:9      | XOM: medium Conj miscast
  7316 | D:9      | Gained mutation: You are resistant to electric shocks. (rElec) [evolution]
  7496 | D:10     | Entered Level 10 of the Dungeon
  7560 | D:10     | XOM: blink monster(s)
  7599 | D:10     | XOM: give mutations
  7599 | D:10     | Lost mutation: You are agile. (Dex +2) [Xom's mischief]
  7599 | D:10     | Lost mutation: You are covered in fur. (AC +1) [Xom's mischief]
  7599 | D:10     | Lost mutation: Your muscles are very strong. (Str +4) [Xom's mischief]
  7612 | D:10     | Noticed a two-headed ogre
  7618 | D:10     | Reached skill level 12 in Axes
  7622 | D:10     | Killed a two-headed ogre
  7876 | D:10     | XOM: scenery: 2 doors close
  7902 | D:10     | XOM: confuse monster(s)
  7915 | D:10     | Found a staircase to the Orcish Mines.
  8130 | D:10     | Reached skill level 13 in Axes
  8130 | D:10     | XOM: enchant monster (bad)
  8139 | D:10     | XOM: give mutations
  8139 | D:10     | Gained mutation: Armour fits poorly on your strangely shaped body. [Xom's mischief]
  8139 | D:10     | Lost mutation: Your mind is acute. (Int +2) [Xom's mischief]
  8139 | D:10     | Gained mutation: [Scrolls take you a little longer to read.] [Xom's mischief]
  8160 | D:10     | Noticed a three-headed hydra
  8165 | D:10     | Reached skill level 5 in Armour
  8166 | D:10     | Killed a three-headed hydra
  8280 | D:11     | Noticed a green ugly thing
  8290 | D:11     | Killed a green ugly thing
  8300 | D:11     | Noticed an unseen horror
  8305 | D:11     | Killed an unseen horror
  8305 | D:11     | Reached XP level 12. HP: 79/104 MP: 12/12
  8331 | D:11     | Noticed a two-headed ogre
  8336 | D:11     | XOM: harmless Tloc miscast
  8341 | D:11     | Killed a two-headed ogre
  8458 | D:11     | Found a staircase to the Lair.
  8479 | D:11     | XOM: medium Fire miscast
  8492 | D:11     | XOM is BORED!
  8492 | D:11     | XOM: noise
  8496 | D:11     | XOM: harmless Chrm miscast
  8612 | D:11     | Noticed Kejsarherre's ghost (journeyman FoGl)
  8618 | D:11     | XOM: confuse monster(s)
  8723 | D:11     | Gained mutation: You have a beak for a mouth. [evolution]
  8723 | D:11     | Lost mutation: You rapidly evolve. [decline of evolution]
  8796 | D:11     | Reached skill level 14 in Axes
  8910 | D:11     | XOM: confuse monster(s)
  8917 | D:11     | XOM: fog
  8922 | D:11     | Noticed an eight-headed hydra
  8922 | D:11     | XOM: scenery: create altars
  8933 | D:11     | Killed Kejsarherre's ghost
  8937 | D:11     | Killed a nine-headed hydra
  9029 | D:11     | XOM: summons friendly quasit
  9046 | D:11     | Learned a level 6 spell: Statue Form
  9047 | D:11     | Got a spiked large shield
  9060 | D:11     | Identified the +5 large shield "Mattuug" {Int+3} (You found it on level 11 of the Dungeon)
  9143 | D:11     | XOM: divination: detect items
  9499 | D:12     | XOM: give mutation
  9499 | D:12     | Gained mutation: You have sharp toenails. [Xom's grace]
  9587 | D:12     | XOM: divination: detect creatures
  9599 | D:12     | XOM: fake destruction
  9742 | D:13     | Found Kuobbuxt's Assorted Antiques.
  9749 | D:13     | Bought a small amethyst amulet for 175 gold pieces
  9867 | D:13     | Noticed a two-headed ogre
  9872 | D:13     | Killed a two-headed ogre
  9941 | D:13     | Found Itunerch's Antique Weapon Shop.
  9964 | D:13     | Found Biziruy's Antique Weapon Shoppe.
 10002 | D:13     | XOM: mild Necr miscast
 10042 | D:13     | XOM: harmless Air miscast
 10096 | D:13     | XOM: give mutation
 10096 | D:13     | Gained mutation: Your flesh is cold resistant. (rC+) [Xom's grace]
 10154 | D:13     | XOM: god gift: 6 rations
 10334 | D:13     | Noticed an unseen horror
 10338 | D:13     | Killed an unseen horror
 10338 | D:13     | Reached skill level 10 in Shields
 10338 | D:13     | Reached XP level 13. HP: 111/111 MP: 13/13
 10343 | D:13     | Learned a level 3 spell: Regeneration
 10346 | D:13     | Learned a level 2 spell: Song of Slaying
 10428 | D:13     | Found Fapiq's Jewellery Boutique.
 10431 | D:13     | Bought a +5 amulet of reflection for 535 gold pieces
 10435 | D:13     | Bought an uncursed ring of resist corrosion for 260 gold pieces
 10486 | D:14     | XOM: enchant monster (good)
 10489 | D:14     | Noticed a seven-headed hydra
 10496 | D:14     | XOM: fog
 10499 | D:14     | XOM: enchant monster (good)
 10527 | D:14     | XOM: summons friendly quasit
 10555 | D:13     | XOM: scenery: create altars
 10576 | D:13     | XOM: chaos cloud
 10581 | D:13     | XOM: confuse monster(s)
 10587 | D:13     | Noticed a fire dragon
 10587 | D:13     | a ten-headed hydra changed into a fire dragon
 10587 | D:13     | XOM: polymorph ten-headed hydra -> fire dragon
 10596 | D:13     | Killed a fire dragon
 10687 | D:14     | Reached skill level 10 in Armour
 10737 | D:14     | Noticed a centaur warrior
 10876 | D:14     | XOM: swap monsters
 10887 | D:14     | Killed a centaur warrior
 10915 | D:14     | XOM: give mutations
 10915 | D:14     | Gained mutation: [You are dopey. (Int -2)] [Xom's mischief]
 10915 | D:14     | Lost mutation: You have sharp toenails. [Xom's mischief]
 10915 | D:14     | Lost mutation: Your muscles are strong. (Str +2) [Xom's mischief]
 10916 | D:14     | XOM: blink monster(s)
 10947 | D:14     | Reached skill level 15 in Axes
 10981 | D:14     | XOM: confuse monster(s)
 11117 | D:14     | Noticed a centaur warrior
 11129 | D:14     | Killed a centaur warrior
 11221 | D:14     | Found Exzetut's General Store.
 11325 | D:14     | XOM: blink monster(s)
 11352 | D:14     | XOM: divination: detect creatures
 11363 | D:14     | XOM: divination: detect creatures
 11469 | D:14     | XOM: cloud trail
 11711 | D:14     | Found a sacrificial altar of Ru.
 11753 | D:14     | Found a gate to the Vaults.
 11797 | D:14     | XOM: harmless Erth miscast
 11982 | D:15     | Entered Level 15 of the Dungeon
 12020 | D:15     | XOM: potion effect (agility)
 12036 | D:15     | XOM: cast spell 'Summon Mana Viper'
 12072 | D:15     | XOM: cast spell 'Summon Mana Viper'
 12083 | D:15     | Reached XP level 14. HP: 82/118 MP: 14/14
 12272 | D:15     | XOM: noise
 12274 | D:15     | XOM: confuse monster(s)
 12278 | D:15     | XOM: silly message
 12279 | D:15     | XOM: mild Hex miscast
 12441 | D:15     | Noticed an emperor scorpion
 12447 | D:15     | XOM: fog
 12452 | D:15     | XOM: confuse monster(s)
 12474 | D:15     | XOM: potion effect (agility)
 12482 | D:15     | Killed an emperor scorpion
 12564 | D:15     | XOM: divination: detect items
 12581 | D:15     | XOM: scenery: 1 doors close
 12588 | D:15     | XOM: cast spell 'Summon Horrible Things'
 12649 | D:15     | Noticed a dire elephant
 12652 | D:15     | XOM: mild Necr miscast
 12657 | D:15     | XOM: give mutations
 12657 | D:15     | Lost mutation: Your flesh is cold resistant. (rC+) [Xom's mischief]
 12657 | D:15     | Gained mutation: You are partially covered in molten scales. (AC +2) [Xom's mischief]
 12664 | D:15     | Killed a dire elephant
 12665 | D:15     | XOM: noise
 12667 | D:15     | XOM: swap monsters
 12680 | D:15     | Reached skill level 16 in Axes
 12703 | D:15     | Found a staircase to the Depths.
 12735 | D:15     | XOM: summons friendly iron imp
 12769 | D:15     | XOM: swap monsters
 12776 | D:15     | XOM: swap monsters
 12781 | D:15     | XOM: enchant monster (bad)
 12821 | D:15     | Reached skill level 10 in Fighting
 12831 | D:15     | XOM: polymorph iron imp -> crimson imp
 12832 | D:15     | XOM: cloud trail
 12906 | Depths:1 | Entered Level 1 of the Depths
 13164 | Lair:1   | Entered Level 1 of the Lair of Beasts
 13205 | Lair:1   | XOM: divination: magic mapping
 13359 | Lair:1   | XOM: summons 4 hostile shadow creatures
 13486 | Lair:1   | Found an iron altar of Okawaru.
 13544 | Lair:1   | XOM: cleaving
 13554 | Lair:1   | XOM: scenery: create altars
 13876 | Lair:2   | Noticed Harold
 13905 | Lair:2   | Killed Harold
 13966 | Lair:1   | XOM: polymorph black mamba -> polar bear
 13969 | Lair:1   | XOM: fake destruction
 13979 | Lair:1   | XOM: summons 8 friendly demons
 13983 | Lair:1   | XOM: divination: magic mapping
 13987 | Lair:1   | XOM: confuse monster(s)
 14188 | Lair:1   | XOM: potion effect (heal wounds)
 14304 | Lair:2   | Noticed Nergalle
 14305 | Lair:2   | XOM: summons 7 friendly demons
 14314 | Lair:2   | Killed Nergalle
 14396 | Lair:2   | XOM: summons 3 friendly demons
 14398 | Lair:2   | XOM: polymorph quasit -> crimson imp
 14656 | Lair:3   | XOM: noise
 14788 | Lair:3   | XOM: mild Conj miscast
 14795 | Lair:3   | XOM: enchant monster (bad)
 14820 | Lair:3   | XOM: divination: detect creatures
 14830 | Lair:2   | Reached XP level 15. HP: 42/128 MP: 15/15
 15015 | Lair:2   | XOM: harmless Conj miscast
 15124 | Lair:3   | XOM: summons friendly ufetubus
 15179 | Lair:3   | XOM: potion effect (heal wounds)
 15180 | Lair:3   | Found a hole to the Spider Nest.
 15240 | Lair:3   | XOM: cast spell 'Olgreb's Toxic Radiance'
 15296 | Lair:3   | XOM: confuse monster(s)
 15298 | Lair:3   | XOM: silly message
 15345 | Lair:3   | XOM: divination: detect items
 15353 | Lair:3   | XOM: noise
 15355 | Lair:3   | XOM: polymorph eight-headed hydra -> fire dragon
 15359 | Lair:3   | XOM: smoke on damage
 15642 | Lair:3   | XOM: divination: detect items
 15652 | Lair:3   | XOM: cleaving
 15882 | Lair:4   | XOM: divination: detect items
 15890 | Lair:4   | XOM: summons friendly shadow imp
 16065 | Lair:4   | XOM: blink monster(s)
 16363 | Lair:4   | Found a staircase to the Swamp.
 16405 | Lair:4   | XOM is BORED!
 16405 | Lair:4   | XOM: mild Chrm miscast
 16425 | Lair:4   | Reached skill level 17 in Axes
 16468 | Lair:4   | XOM: give mutations
 16468 | Lair:4   | Lost mutation: You possess an exceptional clarity of mind. [Xom's mischief]
 16468 | Lair:4   | Gained mutation: [You occasionally shout uncontrollably at your foes.] [Xom's mischief]
 16481 | Lair:4   | XOM: polymorph porcupine -> swamp drake
 16520 | Lair:4   | XOM: smoke on damage
 16527 | Lair:4   | XOM: polymorph blink frog -> rime drake
 16741 | Lair:4   | XOM: god gift: ration
 16750 | Lair:5   | Noticed Rupert
 16763 | Lair:5   | Cast into level 3 of the Abyss (Rupert)
 16812 | Abyss:3  | XOM: confuse monster(s)
 16846 | Abyss:3  | Noticed a yellow draconian stormcaller
 16865 | Abyss:3  | Noticed a cacodemon
 16868 | Abyss:3  | XOM: confuse monster(s)
 16902 | Abyss:3  | XOM: enchant monster (good)
 16909 | Abyss:3  | XOM: cleaving
 16925 | Abyss:3  | HP: 1/106 [starcursed mass/accursed screaming (12)]
 16926 | Abyss:3  | XOM: polymorph blink frog -> ogre
 16931 | Abyss:3  | Killed from afar by an orc priest

Skill      XL: |  1  2  3  4  5  6  7  8  9 10 11 12 13 14 15 |
---------------+----------------------------------------------+-----
Dodging        | 1 |  1.6
Fighting       | 4 6 9 10 11 | 11.0
Axes           | 4 5 6 9 11 13 14 15 16 17 | 17.0
Armour         | 3 4 6 9 11 12 | 12.8
Shields        | 1 5 8 9 10 11 13 | 13.4

Action                   |  1- 3 |  4- 6 |  7- 9 | 10-12 | 13-15 || total
-------------------------+-------+-------+-------+-------+-------++-------
Melee: Hand axe          |    71 |   158 |   303 |       |       ||   532
       Battleaxe         |       |       |    73 |   524 |   964 ||  1561
       Peck              |       |       |       |    33 |   178 ||   211
 Abil: Dig               |       |       |     3 |     2 |     4 ||     9
Evoke: Wand              |       |       |    10 |     9 |   120 ||   139
  Use: Potion            |       |     3 |     1 |       |     9 ||    13
       Scroll            |       |       |    16 |     6 |     2 ||    24
 Stab: Petrified         |       |     8 |     1 |       |       ||     9
       Paralysed         |       |     7 |     6 |       |       ||    13
       Petrifying        |       |     1 |     3 |       |       ||     4
       Confused          |       |       |     1 |     2 |     6 ||     9
       Distracted        |       |       |     1 |       |       ||     1
       Held in net/web   |       |       |       |       |     2 ||     2
       Invisible         |       |       |       |       |     1 ||     1
  Eat: Chunk             |       |     4 |     8 |    15 |    18 ||    45
       Ration            |       |       |     1 |     1 |     1 ||     3
Armor: Leather armour    |    32 |    10 |       |       |       ||    42
       Plate armour      |       |    61 |       |       |       ||    61
       Chain mail        |       |    24 |   218 |   133 |    37 ||   412
       Fire dragon scale |       |       |       |       |   275 ||   275
Dodge: Dodged            |    34 |    46 |   103 |   136 |   194 ||   513
Block: Shield            |       |       |    69 |   194 |       ||   263
       Large shield      |       |       |       |   138 |  1108 ||  1246
       Reflection        |       |       |       |       |    35 ||    35
